 Dungeon Crawl Stone Soup version 0.29.1-13-g9f3cf754e1 (webtiles) character file.

Game seed: 5275590387741348790

12 croobank the Sneak (level 2, 0/21 HPs)
             Began as an Octopode Delver on Jan 25, 2023.
             Splashed by a jelly's acid (5 damage)
             ... on level 4 of the Dungeon.
             The game lasted 00:02:48 (544 turns).

croobank the Sneak (Octopode Delver)                 Turns: 544, Time: 00:02:49

Health: 0/21       AC:  1    Str: 11    XL:     2   Next: 33%
Magic:  2/2        EV: 13    Int: 12    God:
Gold:   26         SH:  0    Dex: 13    Spells: 1/1 levels left

rFire   . . .      SeeInvis .   a - +0 hand axe
rCold   . . .      Faith    .   (no shield)
rNeg    . . .      Spirit   .   (helmet restricted)
rPois   .          Reflect  .   (no amulet)
rElec   .          Harm     .   (no ring)
rCorr   .          Rampage  .   (no ring)
Will    .....                   (no ring)
Stlth   ++++......              (no ring)
HPRegen 0.07/turn               (no ring)
MPRegen 0.08/turn               (no ring)
                                (no ring)
                                (no ring)

@: no status effects
A: almost no armour, amphibious, 8 rings, camouflage 1, gelatinous body 1,
(nimble swimmer 1), tentacles
a: no special abilities


You were on level 4 of the Dungeon.
You visited 1 branch of the dungeon, and saw 3 of its levels.

You collected 26 gold pieces.

Inventory:

Hand Weapons
 a - a +0 hand axe (weapon)
 h - a +0 long sword
Magical Staves
 i - a staff of poison
Wands
 f - a wand of digging (3)
Scrolls
 b - a scroll of fog
 g - a scroll of blinking {unknown}
Potions
 e - a potion of haste


   Skills:
 + Level 3.1 Fighting
 + Level 2.2 Axes
 + Level 2.2 Dodging
 + Level 6.8 Stealth


You had one spell level left.
You didn't know any spells.
Your spell library was empty.

Dungeon Overview and Level Annotations

Branches:
Dungeon (6/15)             Temple (0/1) D:4

Altars:

Annotations:
D:4 Dowan, Edmund


Innate Abilities, Weirdness & Mutations

You cannot wear most types of armour.
You are amphibious.
You can wear up to eight rings at the same time.
Your skin changes colour to match your surroundings (Stealth+).
Your rubbery body absorbs attacks. (AC +1, EV +1)
((You are camouflaged when in or above water. (Stealth+)))
You have tentacles for arms and can constrict up to eight enemies at once.


Message History

The adder closely misses you. The adder bites you.
You barely miss the adder. Your grab misses the adder.
The adder is lightly wounded.
The adder bites you but does no damage. The adder completely misses you.
You closely miss the adder. You grab the adder.
The adder is lightly wounded.
You constrict the adder. The adder bites you.
You hit the adder. Your squeeze misses the adder.
The adder is severely wounded.
You constrict the adder. The adder misses you. The adder barely misses you.
You barely miss the adder. You squeeze the adder.
You kill the adder!
You have reached level 2!
A quokka comes into view.
A jelly and a hound come into view.
You have 11 gold pieces.
Unknown command.
The jelly quivers.
Found 12 gold pieces.
Found 15 gold pieces.
The jelly jiggles.
Okay, then.
An iguana and a phantom come into view.
You see here 15 gold pieces.
You now have 26 gold pieces (gained 15).
The jelly jiggles.
You hit the jelly.
Your tentacles burn!
The jelly is moderately wounded.
The jelly barely misses you.
You hit the jelly.
Your tentacles burn!
The jelly is heavily wounded.
The jelly hits you.
You are splashed with acid.
* * * LOW HITPOINT WARNING * * *
You hit the jelly but do no damage.
Your tentacles burn!
* * * LOW HITPOINT WARNING * * *
You tentacle-slap the jelly.
The jelly is heavily wounded.
The jelly barely misses you.
You hit the jelly.
Your tentacles burn!
You die...

#l..#..########
.#.#.#.........
..#............
.#.#.#.........
#...#..........
.#.#.#.........
..#............
.#.#.#.@.......
#...#..J#######
.#.#....#
....W##.##
..... #..# ....
##.## ... #..##
... ##..# #...#
#####


You could see a phantom, an iguana (asleep) and a jelly.

Vanquished Creatures
  An adder (D:4)
  An orc (D:5)
  A kobold (D:4)
3 creatures vanquished.

Notes
Turn   | Place    | Note
-------+----------+-------------------------------------------
     0 | D:5      | croobank the Octopode Delver began the quest for the Orb.
     0 | D:5      | Reached XP level 1. HP: 16/16 MP: 1/1
     4 | D:6      | Noticed an iguana
    74 | D:5      | Noticed an iguana
    92 | D:5      | Noticed a centaur
   447 | D:4      | Noticed Edmund
   460 | D:4      | Noticed Dowan
   513 | D:4      | Found a staircase to the Ecumenical Temple.
   520 | D:4      | Reached XP level 2. HP: 19/21 MP: 2/2
   539 | D:4      | Noticed a phantom
   544 | D:4      | Splashed by a jelly's acid

Illustrated notes

Levels and vault maps discovered:
D:4:      layout_basic, mainiacjoe_overflow_alcove_1,
          minmay_temple_entry_sparse_star, serial_curves, eino_curves_04,
          eino_curves_02, interstate_on_off, st_stairs_3, kennysheep_crisscross,
          minmay_cupped, uniq_grinder, uniq_edmund, uniq_duvessa
D:5:      layout_basic
D:6:      layout_rooms, amcnicky_altar_gilded, grunt_ministairs_7

Action                   || total
-------------------------++-------
Melee: Hand axe          ||    11
       Constrict         ||     2
       Tentacles         ||     2
       Punch             ||     1
  Use: Scroll            ||     2
 Stab: Sleeping          ||     3
Armor: Skin              ||     1
Dodge: Dodged            ||    11
